 Dungeon Crawl Stone Soup version 0.19-a0-916-g8ae7e35 (console) character file.

111 Doll the Poker (level 4, 0/38 HPs)
             Began as a Draconian Abyssal Knight on July 6, 2016.
             Was a Believer of Lugonu.
             Killed by nerve-wracking pain
             ... invoked by an orc priest
              (7 damage)
             ... on level 3 of the Dungeon.
             The game lasted 00:09:20 (2696 turns).

Doll the Poker (Draconian Abyssal Knight)           Turns: 2696, Time: 00:09:20

Health: 0/38       AC:  7    Str: 15    XL:     4   Next: 62%
Magic:  6/6        EV: 12    Int: 12    God:    Lugonu [**....]
Gold:   129        SH:  0    Dex: 11    Spells: 0 memorised, 3 levels left

rFire  . . .     SeeInvis .     a - +1 spear
rCold  . . .     Gourm    .     (armour unavailable)
rNeg   . . .     Faith    .     (no shield)
rPois  .         Spirit   .     (helmet restricted)
rElec  .         Dismiss  .     c - +0 cloak
rCorr  +         Reflect  .     d - +0 pair of gloves
SustAt .         Harm     .     (no boots)
MR     .....                    (no amulet)
Stlth  +.........               (no ring)
                                j - ring of resist corrosion

@: not resistant to hostile enchantments, very unstealthy
A: unfitting armour, cold-blooded, AC +5
a: Depart the Abyss, Bend Space, Renounce Religion


You were on level 3 of the Dungeon.
You worshipped Lugonu.
Lugonu was pleased with you.
You were hungry.

You visited 1 branch of the dungeon, and saw 3 of its levels.
You visited the Abyss 1 time.

You collected 129 gold pieces.

Inventory:

Hand Weapons
 a - a +1 spear (weapon)
Armour
 c - a +0 cloak (worn)
 d - a +0 pair of gloves (worn)
Magical Staves
 o - an uncursed staff of power
Rods
 i - a -2 rod of clouds (2/14)
   (You found it on level 3 of the Dungeon)
Jewellery
 j - a ring of resist corrosion (left hand)
 n - an uncursed ring of stealth {unknown}
Scrolls
 e - 2 scrolls of identify {unknown}
 h - 2 scrolls of amnesia {unknown}
 k - a scroll of enchant weapon {unknown}
 l - a scroll of noise {unknown}
Potions
 g - a potion of berserk rage {unknown}
 m - a potion of might {unknown}
Comestibles
 b - 2 bread rations
 f - 2 beef jerkies
 p - a chunk of flesh


   Skills:
 - Level 3.2 Fighting
 - Level 4.4 Polearms
 - Level 2.1 Dodging
 + Level 2.9 Invocations


You had 3 spell levels left.
You didn't know any spells.

Dungeon Overview and Level Annotations

Branches:
Dungeon (3/15)

Altars:

Annotations:
D:3 Wuag's ghost, amateur DrTm


Innate Abilities, Weirdness & Mutations

Your plain brown scales are hard. (AC +5)
Your body does not fit into most forms of armour.
You are cold-blooded and may be slowed by cold attacks.


Message History

The orc priest miscasts a cantrip.
You hit the orc priest but do no damage.
The orc priest is lightly wounded.
The orc priest hits you but does no damage.
You hit the orc priest but do no damage.
Your tail-slap misses the orc priest.
The orc priest is lightly wounded.
Okay, then.
You hit the orc priest.
The orc priest is moderately wounded.
The orc priest hits you with a hand axe.
* * * LOW HITPOINT WARNING * * *
The orc covers its eyes.
The orc zaps a wand.
You hit the orc priest. You tail-slap the orc priest.
The orc priest is almost dead.
The orc hits the orc priest but does no damage.
The orc priest invokes the aid of Beogh against you.
Pain shoots through your body!
You die...

..... ... ... ... #.#
#.# #.# #.# #.# #.#
#.#### #.#####.# #.#..
#.......###.#.#
#######.......#.########
........####....@[))....
.######.# #....o##.....
#.## ..# #....§o..####
##.##.#.# ##.#§§####
#......# #....#
##.##.#... ..#..#
#.....### ####..#
.#.##.# #..# ##... #
#.##.. #.. ...


You could see an orc priest and an orc (confused).

Vanquished Creatures
  An orc wizard (D:3)
  An adder (D:2)
  3 worms
  A giant gecko (D:3)
  8 orcs (D:3)
  A ball python (D:1)
  5 giant cockroaches
  5 goblins
  6 hobgoblins
  4 jackals (D:2)
  2 quokkas (D:2)
  5 bats
  3 kobolds
  9 rats
54 creatures vanquished.

Notes
Turn   | Place    | Note
-------+----------+-------------------------------------------
     0 | Abyss:1  | Doll the Draconian Abyssal Knight began the quest for the Orb.
     0 | Abyss:1  | Reached XP level 1. HP: 19/19 MP: 2/2
     7 | D:1      | Escaped the Abyss
    50 | D:1      | Reached XP level 2. HP: 20/26 MP: 3/3
   338 | D:1      | Reached skill level 3 in Polearms
   368 | D:1      | Reached ** piety under Lugonu
   853 | D:2      | Reached XP level 3. HP: 31/31 MP: 4/4
  1457 | D:3      | Reached skill level 4 in Polearms
  1522 | D:3      | Reached XP level 4. HP: 33/38 MP: 5/5
  1877 | D:3      | Identified a -2 rod of clouds (14/14) (You found it on level 3 of the Dungeon)
  1970 | D:3      | Found a faded altar of an unknown god.
  1987 | D:3      | Noticed Wuag's ghost (amateur DrTm)
  2696 | D:3      | Killed from afar by an orc priest

Vault maps used:
D:1:      dpeg_arrival_stonehenge_8_columns, minmay_misc_feat_tower
D:2:      first_bread
D:3:      ecumenical_altar_1
Abyss:1:  hangedman_stitches_earthworm

Skill      XL: |  1  2  3 |
---------------+----------+-----
Polearms       | 3 4 |  4.4
Fighting       | |  3.2
Dodging        | |  2.1
Invocations    | |  2.9

Action                   |  1- 3 |  4- 6 || total
-------------------------+-------+-------++-------
Melee: Spear             |   127 |   116 ||   243
       Tailslap          |    13 |    15 ||    28
Evoke: Rod               |       |     4 ||     4
 Stab: Sleeping          |     1 |       ||     1
  Eat: Chunk             |     2 |     1 ||     3
       Bread ration      |       |     1 ||     1
Armor: Skin              |    38 |    25 ||    63
Dodge: Dodged            |    62 |    35 ||    97
